 Dungeon Crawl Stone Soup version 0.17-a0-1942-g46ae386 (webtiles) character file.

4452 dpvblackbelt the Bludgeoner (level 10, -2/107 HPs)
             Began as an Ogre Hunter on Sept 30, 2015.
             Was a Priest of Okawaru.
             Slain by an orc warrior
             ... wielding a +0 bardiche
              (20 damage)
             ... in a bailey.
             The game lasted 00:36:24 (10942 turns).

dpvblackbelt the Bludgeoner (Ogre Hunter)          Turns: 10942, Time: 00:36:25

Health: -2/107     AC:  4    Str: 25    XL:     10   Next: 37%
Magic:  9/10       EV: 12    Int: 12    God:    Okawaru [***...]
Gold:   384        SH:  0    Dex: 10    Spells: 0 memorised, 9 levels left

rFire  . . .     SeeInvis .     a - +3 giant spiked club
rCold  . . .     Clarity  .     d - +0 robe
rNeg   . . .     SustAt   .     (no shield)
rPois  .         Gourm    .     l - +1 hat
rElec  .         Spirit   .     (no cloak)
rCorr  .         Warding  .     (gloves unavailable)
rMut   .         Stasis   .     (boots unavailable)
MR     +....                    (no amulet)
Stlth  ++........               w - +3 ring of strength
                                o - +2 ring of intelligence

@: exhausted, heroism, slowed, very slow, somewhat resistant to hostile
enchantments, unstealthy
A: unfitting armour, horns 2, sense surroundings 1, tough skin 1
a: Heroism, Renounce Religion


You were in a bailey.
You worshipped Okawaru.
Okawaru was most pleased with you.
You were not hungry.

You visited 2 branches of the dungeon, and saw 9 of its levels.
You also visited: Bailey.

You collected 384 gold pieces.

Inventory:

Hand weapons
 a - a +3 giant spiked club (weapon)
   (You took it off an ogre on level 7 of the Dungeon)
 b - a +0 blowgun
   (You took it off a kobold on level 3 of the Dungeon)
Missiles
 f - 3 large rocks (quivered) {!d}
 n - 151 stones
 r - 17 poisoned needles
 v - 4 throwing nets {=f, !d}
 A - a tomahawk
Armour
 d - a +0 robe (worn)
 l - a +1 hat (worn)
   (You found it on level 1 of the Dungeon)
Jewellery
 o - a +2 ring of intelligence (left hand)
   (You found it on level 2 of the Dungeon)
 s - an uncursed ring of ice {rC+, rF-}
   (You found it on level 2 of the Dungeon)
 w - a +3 ring of strength (right hand)
   (You found it on level 7 of the Dungeon)
Scrolls
 k - a scroll of recharging
 m - 3 scrolls of enchant armour
 p - 2 scrolls of amnesia
 t - 2 scrolls of magic mapping {!r}
Potions
 h - 4 potions of heal wounds
 u - a potion of curing
 x - a potion of poison {unknown}
 B - a potion of haste {unknown}
Comestibles
 c - 2 meat rations {@e2@e2}
 e - 4 bread rations {@e1@e1}
 g - 15 chunks of flesh {@w0@w0}
 i - 2 royal jellies


   Skills:
 + Level 9.3(14.3) Fighting
 - Level 15.6(20.6) Maces & Flails
 - Level 5.3(10.3) Throwing
 - Level 1.7(6.7) Dodging
 - Level 0.7(5.7) Stealth
 - Level 0.2 Invocations


You had 9 spell levels left.
You didn't know any spells.

Dungeon Overview and Level Annotations

Branches:
Dungeon (8/15)             Temple (1/1) D:5
   Lair: D:8-11

Altars:
Elyvilon
Fedhas
Kikubaaqudgha
Makhleb
Okawaru
Qazlal
Ru
Xom
Yredelemnul


Innate Abilities, Weirdness & Mutations

You are too large for most types of armour.
You have tough skin (AC +1).
You have a pair of horns on your head.
You passively map a small area around you.


Message History

Aim: an orc, wielding a spear
Okay, then.
Quiver which item? (- for none, * to show all) (? for menu, Esc to quit)
Quivering
f - 5 large rocks {!d} for throwing.
Aim: an orc knight, wielding a halberd and wearing a ring mail You throw a large rock {!d}.
The orc shouts!
The large rock {!d} hits the orc knight!!
The orc knight roars a battlecry!
The orcs go into a battle-frenzy!
Aim: an orc, wielding a war axe (consumed by blood-lust)
You throw a large rock {!d}. The orc shouts!
The large rock {!d} hits the orc!!
You kill the orc!
Okawaru accepts your kill.
Drink which item? (? for menu, Esc to quit)
It was a potion of curing.
You feel better. The orc closely misses you.
Drink which item? (? for menu, Esc to quit)
It was a potion of beneficial mutation.
You feel a strange attunement to the structure of the dungeons.
You feel fantastic!
Drink which item? (? for menu, Esc to quit)
It was a potion of berserk rage.
A red film seems to cover your vision as you go berserk!
You feel yourself moving faster!
You feel mighty! The orc warrior closely misses you.
The orc warrior barely misses you.
You now have 156/156 hp.
You flatten the orc like a pancake!!!
You kill the orc!
Okawaru accepts your kill.
The orc warrior hits you from afar with a trident!!
The orc hits you from afar with a halberd.
You take 21 damage, and have 135/156 hp.
The orc knight hits you with a halberd! The orc barely misses you.
The orc warrior hits you from afar with a trident!
There is an open gate, spattered with blood here.
You take 26 damage, and have 109/156 hp.
You miss the orc knight. Your headbutt misses the orc knight.
The orc misses you. The orc hits you but does no damage.
The orc warrior closely misses you. The orc warrior misses you.
The orc knight hits you with a halberd.
You take 1 damage, and have 108/156 hp.
You closely miss the orc knight. The orc closely misses you.
The orc hits you from afar with a halberd.
The orc hits you from afar with a spear.
The orc warrior hits you from afar with a trident.
The orc hits you from afar with a trident.
You take 18 damage, and have 90/156 hp.
You bludgeon the orc knight!! You headbutt the orc knight!
The orc hits you with a halberd!
You take 10 damage, and have 80/156 hp.
You stick the orc knight like a pincushion!!!
You kill the orc knight!
Okawaru accepts your kill.
Your base Fighting skill increases to level 9!
The orc warrior barely misses you.
The orc warrior hits you from afar with a bardiche!
The orc barely misses you. x2
The orc warrior barely misses you. The orc closely misses you.
You take 11 damage, and have 69/160 hp.
You puncture the orc warrior! The orc closely misses you.
You closely miss the orc warrior. The orc barely misses you.
The orc warrior hits you with a glaive! The orc closely misses you.
You take 7 damage, and have 62/160 hp.
You barely miss the orc warrior. The orc barely misses you.
The orc warrior barely misses you.
The orc warrior hits you from afar with a bardiche.
You take 2 damage, and have 60/160 hp.
You are too berserk!
You skewer the orc warrior like a kebab!!!
You kill the orc warrior!
Okawaru accepts your kill.
The orc warrior hits you from afar with a glaive.
The orc closely misses you. The orc hits you but does no damage.
The orc hits you but does no damage. The orc closely misses you.
You take 3 damage, and have 57/160 hp.
You pound the orc like an anvil!!!
You kill the orc!
Okawaru accepts your kill. The orc warrior closely misses you.
The orc warrior barely misses you.
You barely miss the orc.
The orc hits you from afar with a spear!
The orc warrior closely misses you. The orc closely misses you.
You take 8 damage, and have 49/160 hp.
You sock the orc!
You kill the orc!
Okawaru accepts your kill. The orc closely misses you.
The orc warrior hits you from afar with a trident!!
* * * LOW HITPOINT WARNING * * *
You take 23 damage, and have 26/160 hp.
You are too berserk!
You feel a strong urge to attack something.
You are no longer berserk.
You are exhausted.
You feel yourself slow down. The orc misses you. The orc warrior misses you.
The orc warrior hits you with a bardiche!!
You die...

#..))...#
#.).....#
##.....##
##%''##
#.....#
#....%#
#.....#
#.....#
#.@o..#
##ooo##
#o)o..#
#...(...#
#.......#
#.......#
#....(..#
#.......#
##.....##


You could see 3 orc warriors and 3 orcs.

Vanquished Creatures
  An orc knight (Bailey)
  Joseph (D:7)
  Sigmund (D:4)
  7 orc warriors
  An ice beast (D:6)
  2 sky beasts
  2 phantoms
  A necrophage (D:6)
  5 ogres
  2 giant frogs
  A gnoll sergeant (D:6)
  2 scorpions
  3 wights (D:6)
  6 killer bees (D:7)
  The ghost of pk666 the Magician, a weakling DEWz (D:3)
  A giant frog skeleton (D:6)
  A quasit (D:6)
  2 hounds
  Ijyb (D:2)
  2 centaur zombies (D:5)
  3 jellies
  4 orc priests
  A centaur skeleton (D:6)
  5 orc wizards
  Natasha (thrice) (D:4)
  5 worker ants
  A hound skeleton (D:7)
  9 gnolls
  2 shadow imps
  16 adders
  7 worms
  40 orcs
  3 ball pythons
  9 giant cockroaches
  2 hobgoblins
  2 quokkas
  4 bats
  3 giant geckos
  A giant gecko skeleton (D:8)
  6 giant newts
  10 goblins
  A jackal zombie (D:6)
  7 kobolds
  10 rats
197 creatures vanquished.

Notes
Turn   | Place    | Note
--------------------------------------------------------------
     0 | D:1      | dpvblackbelt the Ogre Hunter began the quest for the Orb.
     0 | D:1      | Reached XP level 1. HP: 22/22 MP: 1/1
   648 | D:1      | Reached XP level 2. HP: 11/29 MP: 2/2
  1028 | D:2      | Reached skill level 5 in Throwing
  1148 | D:2      | Reached XP level 3. HP: 36/36 MP: 3/3
  1165 | D:2      | Reached skill level 1 in Maces & Flails
  1317 | D:2      | Reached skill level 2 in Maces & Flails
  1407 | D:2      | HP: 8/36 [quokka (4)]
  1823 | D:3      | Noticed Ijyb
  1823 | D:3      | Noticed pk666's ghost (weakling DEWz)
  1869 | D:2      | Killed Ijyb
  1869 | D:2      | Reached skill level 3 in Maces & Flails
  1869 | D:2      | Reached XP level 4. HP: 44/44 MP: 4/4
  2567 | D:3      | Reached skill level 4 in Maces & Flails
  2780 | D:3      | Found a faded altar to an unknown god.
  2785 | D:3      | Reached skill level 5 in Maces & Flails
  2785 | D:3      | Reached XP level 5. HP: 35/50 MP: 5/5
  2816 | D:3      | Killed pk666's ghost
  3185 | D:3      | Reached skill level 6 in Maces & Flails
  3556 | D:3      | Reached XP level 6. HP: 54/59 MP: 6/6
  4031 | D:3      | Reached skill level 7 in Maces & Flails
  4265 | D:4      | Noticed Sigmund
  4661 | D:4      | Killed Sigmund
  4661 | D:4      | Reached skill level 8 in Maces & Flails
  4661 | D:4      | Reached XP level 7. HP: 59/66 MP: 7/7
  4876 | D:4      | Noticed Natasha
  4885 | D:4      | Killed Natasha
  4924 | D:4      | Noticed Natasha
  4926 | D:4      | Reached skill level 9 in Maces & Flails
  4935 | D:4      | Killed Natasha
  5364 | D:5      | Entered Level 5 of the Dungeon
  5418 | D:4      | Reached skill level 10 in Maces & Flails
  5609 | D:4      | Noticed Natasha
  5614 | D:4      | Killed Natasha
  5815 | D:5      | Reached XP level 8. HP: 54/74 MP: 8/8
  6264 | D:5      | Found a stormy altar of Qazlal.
  6264 | D:5      | Found a blossoming altar of Fedhas.
  6268 | D:5      | Found a burning altar of Makhleb.
  6477 | D:5      | Reached skill level 11 in Maces & Flails
  6485 | D:5      | Found a staircase to the Ecumenical Temple.
  6512 | Temple   | Entered the Ecumenical Temple
  6526 | Temple   | Became a worshipper of Warmaster Okawaru
  6960 | D:6      | Reached skill level 12 in Maces & Flails
  7262 | D:6      | Acquired Okawaru's first power
  7262 | D:6      | Reached skill level 13 in Maces & Flails
  7289 | D:6      | Reached XP level 9. HP: 52/80 MP: 9/9
  7492 | D:6      | HP: 19/80 [wight/spear (2)]
  7500 | D:5      | Reached skill level 14 in Maces & Flails
  7510 | D:5      | Gained mutation: You have a pair of small horns on your head. [mutagenic meat]
  7511 | D:5      | Gained mutation: You are clumsy. (Dex -2) [mutagenic meat]
  7512 | D:5      | Lost mutation: You are clumsy. (Dex -2) [mutagenic meat]
  7513 | D:5      | Gained mutation: You have a pair of horns on your head. [mutagenic meat]
  8674 | D:7      | Noticed Joseph
  8694 | D:7      | Killed Joseph
  8694 | D:7      | Reached skill level 15 in Maces & Flails
  8978 | D:7      | HP: 17/80 [killer bee (10)]
  8983 | D:7      | HP: 16/80 [poisoned by a killer bee]
  8990 | D:7      | HP: 16/80 [poisoned by a killer bee]
  8998 | D:7      | HP: 15/80 [poisoned by a killer bee]
  9484 | D:7      | Reached skill level 3 in Fighting
  9593 | D:7      | Reached skill level 4 in Fighting
  9731 | D:7      | Reached skill level 5 in Fighting
 10040 | D:7      | Reached XP level 10. HP: 88/96 MP: 10/10
 10439 | D:7      | Reached skill level 6 in Fighting
 10493 | D:8      | Found a flagged portal.
 10533 | Bailey   | Entered a bailey
 10787 | Bailey   | Reached skill level 7 in Fighting
 10792 | Bailey   | Reached skill level 8 in Fighting
 10920 | Bailey   | Noticed an orc knight
 10925 | Bailey   | Gained mutation: You passively map a small area around you. [potion of beneficial mutation]
 10932 | Bailey   | Killed an orc knight
 10932 | Bailey   | Reached skill level 9 in Fighting
 10939 | Bailey   | HP: 26/160 [orc warrior/trident (23)]
 10942 | Bailey   | Slain by an orc warrior

Vault maps used:
D:1:      lemuel_arrival_lava_pool
D:3:      ecumenical_altar_1, first_bread, kennysheep_generic_room_16, uniq_iyjb
D:4:      uniq_sigmund, uniq_natasha
D:5:      minitemple, minmay_temple_entry_enclosed_plants,
          serial_co_window_serial, co_window_paths_a, co_window_paths_b,
          co_window_paths_b, co_window_corner_a, co_window_paths_a,
          co_window_unsneaky_path_d, co_window_broadway_a,
          co_window_of_opportunity_b, co_window_of_opportunity_b,
          co_window_broadway_b, co_window_corner_cb, co_window_broadway_b,
          glass_columns_a, glass_columns_b
D:7:      uniq_joseph
D:8:      grunt_lair_entry_elf_guard_hut, enter_bailey_3, hangedman_ranch
Temple:   nicolae_temple_elliptical
Bailey:   bailey_polearm_5, bailey

Action                   |  1- 3 |  4- 6 |  7- 9 | 10-12 || total
-------------------------+-------+-------+-------+-------++-------
Melee: Short sword       |    13 |       |       |       ||    13
       Mace              |    30 |     9 |       |       ||    39
       Flail             |       |    60 |    74 |       ||   134
       Giant club        |       |       |   110 |     7 ||   117
       Giant spiked club |       |       |       |    37 ||    37
Throw: Large rock        |    24 |    13 |    63 |    16 ||   116
       Stone             |    43 |    22 |    26 |       ||    91
       Throwing net      |     2 |       |     1 |       ||     3
       Tomahawk          |       |    49 |    77 |     6 ||   132
Invok: Heroism           |       |       |     1 |     2 ||     3
  Use: Potion            |     3 |       |     3 |     4 ||    10
       Scroll            |       |     8 |     5 |     5 ||    18
 Stab: Invisible         |       |       |       |     4 ||     4
  Eat: Chunk             |     2 |     8 |    11 |       ||    21
       Pizza             |       |     1 |       |       ||     1
       Beef jerky        |       |       |     3 |       ||     3
       Bread ration      |       |       |     1 |       ||     1
       Meat ration       |       |       |       |     1 ||     1

Vault maps used:
D:1:      lemuel_arrival_lava_pool
D:3:      ecumenical_altar_1, first_bread, kennysheep_generic_room_16, uniq_iyjb
D:4:      uniq_sigmund, uniq_natasha
D:5:      minitemple, minmay_temple_entry_enclosed_plants,
          serial_co_window_serial, co_window_paths_a, co_window_paths_b,
          co_window_paths_b, co_window_corner_a, co_window_paths_a,
          co_window_unsneaky_path_d, co_window_broadway_a,
          co_window_of_opportunity_b, co_window_of_opportunity_b,
          co_window_broadway_b, co_window_corner_cb, co_window_broadway_b,
          glass_columns_a, glass_columns_b
D:7:      uniq_joseph
D:8:      grunt_lair_entry_elf_guard_hut, enter_bailey_3, hangedman_ranch
Temple:   nicolae_temple_elliptical
Bailey:   bailey_polearm_5, bailey

Table legend:
 A = Turns spent in this place as a percentage of turns spent in the entire game.
 B = Non-inter-level travel turns spent in this place as a percentage of non-inter-level travel turns spent in the entire game.
 C = Inter-level travel turns spent in this place as a percentage of turns spent in this place.
 D = Turns resting spent in this place as a percentage of non-inter-level travel turns spent in this place.
 E = Turns spent auto-exploring this place as a percentage of non-inter-level travel turns spent in this place.
 F = Non-inter-level travel turns spent in this place divided by the number of levels of this place that you've seen.
                   A       B       C       D       E      F
               +-------+-------+-------+-------+-------+----------------------
         Total | 100.0 | 100.0 |   0.7 |   4.1 |   7.3 | 241.7
       Dungeon |  93.6 |  93.6 |   0.7 |   4.0 |   7.7 | 282.9
        Temple |   0.4 |   0.4 |  10.0 |   0.0 |  33.3 |   9.0
        Bailey |   6.0 |   6.0 |   0.0 |   5.5 |   0.0 | 145.0
               +-------+-------+-------+-------+-------+----------------------

Table legend:
 A = Kills in this place as a percentage of kills in entire the game.
 B = Kills by you in this place as a percentage of kills by you in the entire game.
 C = Kills by friends in this place as a percentage of kills by friends in the entire game.
 D = Other kills in this place as a percentage of other kills in the entire game.
 E = Experience gained in this place as a percentage of experience gained in the entire game.
 F = Experience gained in this place divided by the number of levels of this place that you have seen.
                   A       B       C       D       E      F
               +-------+-------+-------+-------+-------+----------------------
         Total | 100.0 | 100.0 |  -nan |  -nan | 100.0 | 636.1
       Dungeon |  84.8 |  84.8 |  -nan |  -nan |  78.0 | 619.9
        Bailey |  15.2 |  15.2 |  -nan |  -nan |  22.0 | 1402.0
               +-------+-------+-------+-------+-------+----------------------
